AoeStats
← lexal

Golden Pit

508281063Analyzed
1v1 RM · 10d ago on Sep 21, 2026· 33m 14s· 2 players
Game mode
Random Map
Map size
Tiny (2 player)
Population
200
Speed
Normal
Resources
Standard
Victory
Conquest
Starting age
Dark Age
Ending age
Imperial Age
RankedLock teamsTeams togetherTeam positionsShared explorationLock speedFull tech treeHidden civsTurbo modeCheats
Victory
Defeat
🇬🇧 Inca · United Kingdom
1003
+15
🇷🇺 Bulgarians · Russia
974
-15
lexal
9:53 Feudal Age
10:56 Arson
11:59 Forging
12:13 Scale Mail Armor
12:14 Horse Collar
21:38 Double-Bit Axe
24:23 Castle Age
25:55 Wheelbarrow
26:21 Chain Mail Armor
26:42 Iron Casting
30:40 Squires
30:26 Gambesons
Leather009
6:35 Loom
9:45 Feudal Age
9:48 Champi Runner
12:49 Forging
18:25 Scale Mail Armor
20:38 Castle Age
19:52 Double-Bit Axe
19:47 Horse Collar
23:22 Champi Warrior
24:18 Scale Mail Armor
29:07 Chain Mail Armor
Connection lost

Rejoining the realm…

Still unreachable

The connection could not be restored.

Session expired

The server has moved on; the page needs a fresh start.